 Dungeon Crawl Stone Soup version 0.10.2-40-g36e0077 character file.

7142827 bmfx the Intangible (level 27, 175/175 HPs)
             Began as a Kobold Wizard on July 19, 2012.
             Was the Champion of Kikubaaqudgha.
             Escaped with the Orb
             ... and 11 runes on July 21, 2012!
             The game lasted 23:51:04 (129757 turns).

bmfx the Intangible (Kobold Wizard)               Turns: 129757, Time: 23:51:04

HP 175/175       AC 13     Str 11      XL: 27
MP  39/47        EV 40     Int 33      God: Kikubaaqudgha [******]
Gold 5814        SH 21     Dex 19      Spells: 16 memorised,  2 levels left

Res.Fire  : + . .   See Invis. : +   b - staff of channeling
Res.Cold  : + . .   Warding    : . . I - +0 robe of Autumn {Str+2 Int+4}
Life Prot.: . . .   Conserve   : .   U - +2 elf buckler {AC+3}
Res.Acid. : . . .   Res.Corr.  : .   m - -3 helmet of Trog's Anger {Dex+3 Int+1}
Res.Poison: .       Clarity    : .   p - +3 cloak of Flash {+Lev EV+4}
Res.Elec. : .       Spirit.Shd : .   E - +3 pair of gloves of the Eight Demons {rC+
Sust.Abil.: . .     Stasis     : .   C - +2 pair of boots
Res.Mut.  : +       Ctrl.Telep.: x   y - amulet of resist mutation
Res.Rott. : .       Levitation : .   i - ring of the Mage {Wiz MR Int+3}
Saprovore : + + .   Ctrl.Flight: .   G - ring of protection from fire

@: repel missiles, very slightly contaminated, incredibly resistant to hostile
enchantments, stealthy
A: disease resistance, carnivore 3, deformed body, saprovore 2, Str -1, Dex +2
a: Receive Corpses, Torment, Renounce Religion, Evoke Levitation
}: 11/15 runes: decaying, barnacled, slimy, silver, golden, abyssal, demonic,
glowing, magical, fiery, dark


You escaped.
You worshipped Kikubaaqudgha.
Kikubaaqudgha was exalted by your worship.
You were not hungry.

You visited 14 branches of the dungeon, and saw 90 of its levels.
You visited Pandemonium 1 time, and saw 44 of its levels.
You visited the Abyss 2 times.
You visited 1 Labyrinth.
You visited 5 portal chambers: sewer, ossuary, ice cave, bailey, trove.

You collected 8809 gold pieces.
You spent 3015 gold pieces at shops.

Inventory:

Hand weapons
 c - the +7,+5 scimitar of Flaming Death {flame, rPois rF++ rC- MR}
   (You found it on level 5 of the Elven Halls)

   It emits flame when wielded, causing extra injury to most foes and up to
   double damage against particularly susceptible opponents.
   Big, fiery blades are also staple armaments of hydra-hunters.
   It greatly protects you from fire.
   It makes you vulnerable to cold.
   It protects you from poison.
   It increases your resistance to enchantments.
Armour
 m - the -3 helmet of Trog's Anger (worn) {Dex+3 Int+1}
   (You found it on level 8 of the Lair of Beasts)

   It affects your intelligence (+1).
   It affects your dexterity (+3).
 p - the +3 cloak of Flash (worn) {+Lev EV+4}
   (You found it on level 5 of the Elven Halls)

   It affects your evasion (+4).
   It lets you levitate.
 C - a +2 pair of boots (worn)
 E - the +3 pair of gloves of the Eight Demons (worn) {rC+ MR Dam+4 SInv}
   (You found it in Pandemonium)

   It affects your damage-dealing abilities (+4).
   It protects you from cold.
   It increases your resistance to enchantments.
   It enhances your eyesight.
 I - the +0 robe of Autumn (worn) {Str+2 Int+4}
   (You found it on level 5 of the Swamp)

   It affects your strength (+2).
   It affects your intelligence (+4).
 U - a +2 elven buckler of protection (worn)
Magical devices
 h - a wand of disintegration (6)
 l - a wand of hasting (0)
 t - a wand of teleportation (6)
 D - a wand of heal wounds (0)
 K - a wand of digging (4)
 M - a wand of teleportation (8)
 R - a wand of heal wounds (1)
Comestibles
 g - 2 royal jellies
 k - 3 meat rations
Scrolls
 s - a scroll of teleportation
 F - a scroll of recharging
 N - 7 scrolls of identify
 V - 2 scrolls of remove curse
 Z - 4 scrolls of blinking
Jewellery
 f - a +5 ring of strength
 i - the ring of the Mage (right hand) {Wiz MR Int+3}
   (You found it on level 7 of the Dungeon)

   [ring of wizardry]

   It affects your intelligence (+3).
   It increases your resistance to enchantments.
 n - the ring "Etia" {Int+2 Dam+6 SInv}
   (You found it on level 5 of the Elven Halls)

   [ring of see invisible]

   It affects your intelligence (+2).
   It affects your damage-dealing abilities (+6).
 o - an uncursed ring of poison resistance
 q - an uncursed ring of teleportation
 v - an uncursed ring of sustain abilities
 y - an amulet of resist mutation (around neck)
 A - the ring "Ithumnal" {Ice MR}
   (You found it on level 1 of the Lair of Beasts)

   [ring of ice]

   It increases your resistance to enchantments.
 G - a ring of protection from fire (left hand)
 H - an uncursed ring of teleport control
 L - the ring "Bloheplu" {rC+ Dex+4}
   (You found it on level 4 of the Vaults)

   [ring of dexterity]

   It affects your dexterity (+4).
   It protects you from cold.
 S - the amulet of the Sky {Gourm rElec Dex+2 Int+1}
   (You found it on level 8 of the Vaults)

   [amulet of the gourmand]

   It affects your intelligence (+1).
   It affects your dexterity (+2).
   It insulates you from electricity.
 X - an uncursed amulet of stasis
Potions
 x - a potion of invisibility
Magical staves
 a - a staff of energy
 b - a staff of channeling (weapon)
 Y - a +5 rod of destruction [lightning,fireball,iron] (11/11)
   (You found it on level 6 of the Pits of Slime)
Orbs of Power
 e - the Orb of Zot
Miscellaneous
 r - a legendary deck of changes {the Elixir, drawn: 7}
 u - a crystal ball of energy


   Skills:
 - Level 19,3 Fighting
 - Level 1,7 Bows
 O Level 27 Dodging
 - Level 13,8 Stealth
 - Level 13,0 Shields
 - Level 13,1 Traps & Doors
 + Level 23,2 Spellcasting
 - Level 22,4 Conjurations
 - Level 7,0 Charms
 - Level 1,0 Summonings
 - Level 9,7 Necromancy
 - Level 12,0 Translocations
 - Level 25,4 Ice Magic
 - Level 3,4 Air Magic
 - Level 3,0 Poison Magic
 - Level 23,1 Evocations


You had 2 spell levels left.
You knew the following spells:

 Your Spells              Type           Power        Failure   Level  Hunger
a - Iskenderun's Mystic   Conj           #########    0%          4    None
b - Ice Storm             Ice/Conj       #########.   3%          9    Honeycomb
c - Bolt of Cold          Ice/Conj       #########.   1%          6    None
d - Bolt of Fire          Fire/Conj      ########..   1%          6    None
e - Phase Shift           Tloc           ########..   1%          5    None
f - Sublimation of Blood  Necr           ########..   1%          2    None
h - Haste                 Chrm           #######..    3%          6    None
k - Blink                 Tloc           N/A          0%          2    None
l - Controlled Blink      Tloc           N/A          2%          7    None
m - Repel Missiles        Air/Chrm       #######...   1%          2    None
o - Orb of Destruction    Conj           #########.   1%          7    None
p - Apportation           Tloc           ########..   0%          1    None
r - Regeneration          Chrm/Necr      #######...   1%          3    None
s - Swiftness             Air/Chrm       #######...   1%          2    None
t - Flight                Air/Chrm       #######...   1%          3    None
u - Dispel Undead         Necr           ########.    1%          5    None


Dungeon Overview and Level Annotations

Branches:
Dungeon (27/27)            Temple (1/1) D:7             Orc (4/4) D:7
    Elf (5/5) Orc:3          Lair (8/8) D:10          Swamp (5/5) Lair:3
 Shoals (5/5) Lair:4        Slime (6/6) Lair:8        Vault (8/8) D:19
  Blade (0/1) Vault:4       Crypt (5/5) Vault:2        Tomb (3/3) Crypt:3
   Hell (1/1)                 Coc (7/7) Hell            Zot (5/5) D:27
    Dis: Hell:1         Geh: Hell:1         Tar: Hell:1

Altars:
Ashenzari
Cheibriados
Elyvilon
Fedhas
Kikubaaqudgha
Makhleb
Nemelex Xobeh
Okawaru
Sif Muna
The Shining One
Trog
Vehumet
Xom
Yredelemnul
Zin
Jiyva

Shops:
D:7: [( D:9: / D:10: = D:15: (![!! Orc:4: !!?? Elf:5: * Vault:1: * Vault:3: ( Vault:4: ! Vault:6: / Vault:7: !

Portals:
Hell: D:21 D:22 D:23 D:24 D:25 D:26 D:27 Lair:8
Abyss: D:23 D:25
Pan: D:21 D:23 D:24 D:25

Annotations
D:21 Margery
D:22 exclusion: upstairs
D:26 exclusions: ice statue and silver statue
D:27 exclusions: 2 death drakes and purple draconian
Elf:5 1 exclusion


Innate Abilities, Weirdness & Mutations

You recuperate from illness quickly.
You are small and have problems with some larger weapons.
You are carnivorous and can eat meat at any time.
You can eat rotten meat.
You have a somewhat thin skeletal structure (Dex +2, Str -1, Stlth).
Armour fits poorly on your strangely shaped body.


Message History

Aim: a large abomination (severely damaged)
The large abomination convulses!
You kill the large abomination!
Kikubaaqudgha accepts your kill. The jackal completely misses you.
Casting: Dispel Undead
Confirm with . or Enter, or press ? or * to list all spells.
Aiming: Iskenderun's Mystic Blast
Press: ? - help, Shift-Dir - straight line, f - jackal
Aim: a jackal The orb of energy hits the jackal.
You kill the jackal!
Kikubaaqudgha accepts your kill.
You see here 18 poisoned needles.
A hell hound comes into view.
A dart hits the hell hound, but does no damage!
There is an open door here.
There is a staircase leading out of the dungeon here.
Are you sure you want to win?
You have escaped!

#.# ######## #.# #.# #.#
#.# #.# #.# #.# #.# #.#
#.# #.# #.# ######## #.#
#.# #.# ##......## #.#
#.# #.#######..####..#
#.# #.#
#.........######.#####<#
#.#
#.#####...##>@##.......##
#.#
#.##......####'#........#
#.#
#.#..≈≈≈≈..####h.≈≈≈≈...#
#.#
#.#.≈§≈≈≈≈.....h≈≈≈≈≈≈..#
#.#
#...≈§≈≈≈≈......≈≈≈≈≈≈..#
#.#
#[#.≈≈≈≈≈≈......≈≈≈≈≈≈..#
#.#
#.#..≈§≈§hh.##...≈≈≈≈...#
#.#
#.....§...h####...(.....#
#.# #.##########
####.....## #(#


You could see 2 hell hounds.

Vanquished Creatures
  Ignacio (Pan)
  Mnoleg (Pan)
  the royal jelly (Slime:6)
  2 orbs of fire (Zot:5)
  5 ancient liches (Zot:5)
  22 greater mummies
  Saint Roka (Swamp:4)
  Boris (twice) (D:21 Tomb:1)
  The ghost of Gould the Devastator, a great DEFE of Vehumet (Hell)
  A Killer Klown (Zot:5)
  Geryon (Hell)
  4 golden dragons
  Xtahua (Vault:4)
  Frederick (D:21)
  4 electric golems
  6 Brimstone Fiends
  3 hellephants
  Nikola (Elf:5)
  6 Pit Fiends
  9 pandemonium lords (Pan)
  2 liches
  6 titans
  A quicksilver dragon (Vault:8)
  22 Orb Guardians
  The ghost of Vidiiot the Eclecticist, a mighty SEWz of Sif Muna (Crypt:5)
  2 deep elf blademasters (Elf:5)
  14 shadow dragons
  14 acid blobs
  A kraken (Shoals:5)
  9 sphinxes
  8 Ice Fiends
  10 storm dragons
  2 daevas
  Frances (Swamp:5)
  6 Shadow Fiends (Pan)
  20 Executioners (Pan)
  3 draconian monks
  Ilsuiw (Shoals:5)
  19 balrugs (Pan)
  10 ghouls
  Donald (Swamp:5)
  6 draconian scorchers
  6 bone dragons
  Wiglaf (D:21)
  An azure jelly (shapeshifter) (Vault:8)
  Louise (Shoals:1)
  3 frost giants
  2 draconian knights
  A draconian zealot (Zot:5)
  Gastronok (Lair:5)
  An angel (D:23)
  7 azure jellies
  11 tentacled monstrosities
  4 draconian shifters
  7 fire giants
  47 stone giants
  6 draconian annihilators
  14 cacodemons (Pan)
  4 draconian callers (Zot:5)
  6 grey draconians
  2 curse skulls
  6 green draconians
  9 dire elephants
  3 pale draconians
  Jozef (Elf:3)
  15 Green Deaths
  7 purple draconians
  4 mottled draconians
  7 yellow draconians
  5 deep elf death magi
  10 black draconians
  A red draconian (Zot:1)
  10 deep elf annihilators
  7 vampire knights
  7 white draconians
  8 deep elf sorcerers
  2 deep elf master archers (Elf:5)
  11 blizzard demons (Pan)
  41 yaktaur captains
  An ettin (shapeshifter) (Vault:8)
  Snorg (Swamp:2)
  An anaconda (shapeshifter) (Vault:8)
  A storm dragon zombie (Vault:2)
  7 ettins
  9 reapers
  2 dragons (shapeshifter) (Vault:8)
  30 mummy priests
  4 sirens
  A minotaur (Lab)
  24 vault guards (Vault:8)
  A storm dragon skeleton (Vault:5)
  8 death oozes
  A great orb of eyes (shapeshifter) (Vault:8)
  An anaconda zombie (Crypt:1)
  4 merfolk aquamancers (Shoals:5)
  5 great orbs of eyes
  2 hydras (shapeshifter) (Vault:8)
  8 dragons
  2 death cobs (Zot:5)
  11 ice dragons
  Harold (Swamp:1)
  Josephine (Elf:3)
  3 lorocyprocas (Pan)
  8 dancing weapons (Crypt:5)
  7 deep elf demonologists (Elf:5)
  6 merfolk javelineers (Shoals:5)
  20 hydras
  2 alligators
  2 shadow dragon zombies
  7 ogre magi
  3 golden dragon skeletons
  5 wizards
  2 anaconda skeletons
  2 sphinx zombies
  2 merfolk impalers
  A death yak (shapeshifter) (Vault:8)
  6 death yaks (Lair:8)
  A shadow dragon skeleton (D:24)
  A sphinx skeleton (Vault:2)
  A frost giant zombie (Vault:1)
  2 stone giant zombies
  The ghost of psch the Geomancer, an experienced DDEE of Makhleb (D:8)
  A very ugly thing (Vault:4)
  3 orc high priests (Orc:4)
  A fire giant zombie (Crypt:5)
  2 catoblepae (shapeshifter) (Vault:8)
  16 centaur warriors
  Nergalle (Elf:5)
  23 sun demons
  4 deep elf high priests
  6 hell hogs
  A frost giant skeleton (D:19)
  43 deep trolls
  A fire giant skeleton (Crypt:5)
  9 stone giant skeletons
  2 iron dragon skeletons
  21 deep elf knights
  42 large abominations
  16 ice devils
  4 vapours (Pan)
  2 giant orange brains (Slime:6)
  12 hell knights
  4 giant orange brains (shapeshifter)
  9 shadow wraiths
  17 soul eaters
  A deep dwarf death knight (Abyss)
  2 death drakes
  An elf (D:14)
  7 iron trolls
  12 flayed ghosts
  A green draconian zombie (Crypt:1)
  118 skeletal warriors
  9 shadow demons (Pan)
  A black draconian zombie (Abyss)
  A grey draconian zombie (Crypt:3)
  22 orc knights
  A hill giant (shapeshifter) (Vault:7)
  2 alligator snapping turtle skeletons (Crypt:2)
  A naga warrior (Abyss)
  13 swamp dragons (Swamp:5)
  8 hill giants
  A purple draconian skeleton (Abyss)
  An ice statue (Tomb:1)
  7 sea snakes
  An unseen horror (D:17)
  3 flaming corpses
  A mottled draconian skeleton (Crypt:5)
  Pikel (D:6)
  8 orc sorcerers
  2 hydra zombies
  A red draconian skeleton (Abyss)
  3 white draconian skeletons
  9 shining eyes
  2 vampire magi
  10 harpies
  5 necromancers
  A grey draconian skeleton (Coc:3)
  A giant amoeba (shapeshifter) (Vault:8)
  4 red wasps
  Joseph (D:9)
  2 pale draconian skeletons
  5 hellions
  4 sea snake skeletons
  A guardian serpent (Abyss)
  A lindwurm (shapeshifter) (Vault:8)
  5 green draconian skeletons
  A siren zombie (Abyss)
  12 giant amoebae
  A statue (Vault:2)
  12 phantasmal warriors
  2 wolf spider zombies
  2 oklob plants
  12 sixfirhies
  A siren skeleton (Pan)
  11 cyclopes
  2 death drake skeletons
  2 fire crabs
  3 spiny worms
  Maurice (Orc:3)
  An ettin zombie (Crypt:3)
  15 moths of wrath
  4 griffons
  A moth of wrath (shapeshifter) (D:26)
  116 slime creatures
  A harpy skeleton (Crypt:5)
  4 black mambas
  A hydra skeleton (Vault:1)
  27 small abominations
  A trapdoor spider zombie (Tomb:1)
  A wolf spider (D:15)
  2 elephant slugs (Lair:8)
  11 elephants
  11 feature mimics
  5 ice dragon zombies
  An eye of devastation (shapeshifter) (Vault:8)
  A black mamba zombie (Crypt:1)
  2 queen ants
  An ettin skeleton (Vault:2)
  3 griffon skeletons
  A stone giant simulacrum (D:20)
  9 spiny frogs
  2 dragon skeletons
  An elephant (shapeshifter) (D:27)
  3 trapdoor spiders
  3 ice dragon skeletons
  49 orange demons
  3 hill giant zombies
  2 wolf spiders (shapeshifter)
  2 spiny worm zombies
  5 eyes of devastation
  73 yaktaurs
  6 rock trolls
  63 hellwings
  A giant firefly zombie (Crypt:2)
  2 guardian serpent skeletons
  A spriggan zombie (Crypt:1)
  2 black mamba skeletons
  6 iron devils
  2 queen ant zombies
  99 guardian mummies
  5 tormentors
  A spriggan skeleton (Tomb:1)
  2 silent spectres (Crypt:5)
  2 hill giant skeletons
  2 queen bees
  14 mermaids
  2 trolls (shapeshifter)
  A white draconian simulacrum (Zot:5)
  77 ugly things
  Sonja (D:13)
  A deep dwarf necromancer (Abyss)
  3 spriggans (shapeshifter)
  A spiny frog zombie (Crypt:5)
  5 komodo dragons
  4 agate snail zombies
  2 rock troll zombies
  11 trolls
  2 redbacks
  14 two-headed ogres
  41 smoke demons
  A raven skeleton (Coc:3)
  2 deep troll zombies
  A wandering mushroom (D:16)
  A snapping turtle (shapeshifter) (D:19)
  24 blink frogs
  16 snapping turtles
  A snapping turtle zombie (Crypt:5)
  9 hairy devils
  A bog mummy (Swamp:2)
  A deep troll skeleton (D:19)
  A red wasp simulacrum (D:17)
  5 trapdoor spider simulacra
  2 elves (shapeshifter)
  3 rock troll skeletons
  A grizzly bear (Lair:4)
  A draconian (D:14)
  A basilisk (shapeshifter) (Vault:4)
  7 brown oozes
  A spiny frog skeleton (Crypt:5)
  3 demonic crawlers (Vault:1)
  4 bumblebees (D:24)
  5 basilisks
  22 blue devils
  A baby alligator skeleton (Crypt:2)
  A swamp dragon zombie (Abyss)
  2 blink frog zombies
  A snapping turtle skeleton (Crypt:5)
  42 wraiths
  An elephant zombie (Crypt:5)
  A lindwurm zombie (Crypt:3)
  A merfolk zombie (Crypt:1)
  34 orc warriors
  3 baby alligators (Swamp:2)
  2 hog zombies
  5 chaos spawn
  11 sharks
  27 ynoxinuls
  6 golden eyes
  51 neqoxecs
  18 yaks
  17 deep elf conjurers
  20 vampires
  16 hippogriffs
  An elephant skeleton (Crypt:3)
  A yak (shapeshifter) (D:24)
  A fire drake zombie (Crypt:2)
  7 hungry ghosts
  5 fire vortices (Hell)
  5 wyverns
  A merfolk (shapeshifter) (Elf:1)
  A rock worm (Vault:1)
  A lindwurm skeleton (Crypt:4)
  4 mottled dragons
  19 deep elf fighters
  16 vampire mosquitoes
  A hog skeleton (Crypt:2)
  A blink frog skeleton (Crypt:1)
  13 deep elf summoners
  6 fire drakes
  A steam dragon (D:10)
  5 water elementals
  A giant slug zombie (D:18)
  41 merfolk
  13 war dogs
  A yaktaur zombie (D:18)
  A mermaid zombie (Crypt:1)
  A komodo dragon zombie (Crypt:2)
  3 item mimics
  A draconian zombie (Crypt:1)
  43 soldier ants
  A cyclops zombie (D:15)
  17 freezing wraiths
  6 orange crystal statues
  17 swamp worms
  2 manticore zombies
  4 yaktaur skeletons
  27 necrophages
  3 hell hounds (D:26)
  20 red devils
  2 komodo dragon skeletons (Crypt:1)
  A phantom (Coc:3)
  16 insubstantial wisps
  11 manticores
  2 grizzly bear zombies
  A manticore skeleton (Pan)
  31 ice beasts
  9 swamp drakes
  12 deep elf priests
  3 sky beasts
  36 ogres
  5 deep dwarves (Abyss)
  A polar bear zombie (Crypt:1)
  A bumblebee zombie (Crypt:1)
  11 hell beasts (Pan)
  15 giant goldfish
  A troll skeleton (Crypt:5)
  2 hippogriff skeletons
  A yak skeleton (Crypt:2)
  36 centaurs
  5 boring beetles
  A polar bear skeleton (Crypt:5)
  11 wargs
  8 water moccasins
  3 nagas (Abyss)
  A boulder beetle zombie (Crypt:5)
  4 brain worms (Pan)
  10 rotting devils
  A wolf (Lair:2)
  20 deep elf magi
  A wolf skeleton (Coc:1)
  A giant frog zombie (D:7)
  8 crocodiles
  9 giant slugs
  A yaktaur simulacrum (D:17)
  7 big kobolds
  3 two-headed ogre zombies
  2 wolf zombies
  A silver statue (D:26)
  22 giant frogs
  A gnoll sergeant (D:8)
  7 agate snails
  2 basilisk zombies
  A war dog skeleton (Crypt:3)
  2 basilisk skeletons
  2 giant leeches
  A warg zombie (Crypt:3)
  A yellow wasp zombie (Crypt:3)
  2 human zombies
  5 water moccasin zombies
  2 water moccasin skeletons
  A human skeleton (Crypt:5)
  13 eyes of draining
  9 boulder beetles
  51 wights
  A killer bee (shapeshifter) (Vault:8)
  67 killer bees
  2 killer bee zombies
  9 electric eels
  12 jellyfish
  A pulsating lump (shapeshifter) (D:26)
  A vampire bat (Lair:3)
  A mottled dragon zombie (Coc:3)
  An ogre zombie (Crypt:5)
  A dwarf zombie (Crypt:1)
  A big kobold zombie (Port)
  A dwarf skeleton (Coc:3)
  A mottled dragon skeleton (Hell)
  A soldier ant simulacrum (Vault:3)
  A lava snake (Abyss)
  A big kobold skeleton (D:13)
  21 crimson imps
  An ogre skeleton (Crypt:5)
  5 quasits
  25 shadows
  17 big fish
  Crazy Yiuf (D:6)
  A demigod skeleton (Tomb:1)
  31 orc priests
  A hound zombie (Crypt:1)
  38 iron imps
  14 hounds
  30 worker ants
  28 jellies
  An orange rat zombie (Crypt:5)
  5 scorpions
  35 orc wizards
  11 orange rats
  35 deep elf soldiers
  A worker ant zombie (D:7)
  11 porcupines
  24 sheep
  8 iguanas
  3 big fish zombies
  A mottled dragon simulacrum (D:16)
  3 swamp drake skeletons
  A worm zombie (D:7)
  Ijyb (D:2)
  A boggart (shapeshifter) (Vault:8)
  A spider simulacrum (Tomb:3)
  A sheep (shapeshifter) (Vault:8)
  44 mummies
  6 boggarts
  39 flying skulls
  42 midges
  A green rat (shapeshifter) (Vault:8)
  31 adders
  2 giant centipedes
  A giant centipede (shapeshifter) (Vault:8)
  A giant centipede zombie (Crypt:4)
  31 gnolls
  77 lemures
  4 adder zombies
  A halfling zombie (Crypt:5)
  2 iguana skeletons
  An iguana zombie (Crypt:1)
  A sheep skeleton (Tomb:3)
  2 sheep zombies
  74 green rats
  2 shadow imps (Pan)
  46 white imps
  An adder skeleton (D:7)
  6 worms
  85 ufetubi
  13 grey rats
  2 bat skeletons
  A bat zombie (Crypt:1)
  4 gnoll zombies
  11 giant eyeballs
  7 giant geckos
  A giant mite zombie (Coc:5)
  A gnoll skeleton (Coc:6)
  2 green rat zombies
  14 oozes
  205 orcs
  77 bats
  11 giant cockroaches
  15 hobgoblins
  33 jackals
  41 kobolds
  22 ant larvae
  5 ball pythons
  A ball python skeleton (Crypt:2)
  A giant cockroach zombie (Crypt:1)
  A giant gecko skeleton (Crypt:3)
  9 giant newts
  2 giant newt skeletons (Coc:7)
  3 giant spores
  36 goblins
  2 grey rat zombies
  3 hobgoblin skeletons
  9 hobgoblin zombies
  A jackal skeleton (D:6)
  A jackal zombie (D:7)
  A killer bee larva (shapeshifter) (Vault:8)
  A kobold skeleton (D:5)
  8 kobold zombies
  5 orc skeletons
  14 orc zombies
  16 quokkas
  A quokka skeleton (Crypt:5)
  2 quokka zombies
  46 rats
  2 rat skeletons
  A rat zombie (D:11)
  4 ballistomycetes
  8 bushes (Vault:2)
  A butterfly (D:18)
  A crawling corpse (Elf:5)
  14 fungi
  10 plants
  2 tentacles (Shoals:5)
  60 toadstools
4805 creatures vanquished.

Vanquished Creatures (collateral kills)
  An ice beast (D:8)
  A wight (D:7)
  2 crimson imps
  4 mummies
  6 bats (D:2)
  A hobgoblin (D:7)
  A fungus (Lair:2)
16 creatures vanquished.

Vanquished Creatures (others)
  An eldritch tentacle (Pan)
  A shining eye (Pan)
  A moth of wrath (Zot:1)
  An alligator zombie (Crypt:5)
  An orange demon (Pan)
  An ettin skeleton (Crypt:5)
  A guardian mummy (Zot:5)
  5 yaktaurs
  3 blink frogs (Lair:8)
  A demonic crawler (Hell)
  A yaktaur zombie (Crypt:5)
  A baby alligator simulacrum (Tomb:2)
  3 small abominations
  2 slaves (D:6)
  A deep elf priest (Elf:5)
  3 wights
  10 crimson imps
  2 iron imps (Pan)
  An orange rat skeleton (Hell)
  A flying skull (Tomb:2)
  4 mummies
  An adder (Lair:3)
  A sheep zombie (Crypt:5)
  A giant centipede zombie (D:6)
  6 lemures (Pan)
  An orc zombie (D:18)
  5 white imps
  6 ufetubi
  9 orcs
  A human (D:9)
  3 jackals
  A quokka (D:6)
  A giant newt (D:8)
  A giant spore (D:9)
  2 kobolds
  A kobold skeleton (Tomb:2)
  An orc skeleton (Tomb:3)
  4 rats
  A rat skeleton (Crypt:5)
  A rat zombie (Crypt:5)
  A crawling corpse (Elf:5)
  46 eldritch tentacle segments (Pan)
  10 fungi
  8 plants
  6 tentacles (Shoals:5)
  108 tentacle segments (Shoals:5)
  203 toadstools
474 creatures vanquished.

Grand Total: 5295 creatures vanquished

Notes
Turn   | Place    | Note
--------------------------------------------------------------
     0 | D:1      | bmfx, the Kobold Wizard, began the quest for the Orb.
     0 | D:1      | Reached XP level 1. HP: 8/8 MP: 5/5
    34 | D:1      | Reached skill level 1 in Conjurations
   792 | D:1      | Reached XP level 2. HP: 9/13 MP: 1/7
   865 | D:1      | Learned a level 2 spell: Call Imp
   869 | D:1      | Learned a level 2 spell: Repel Missiles
  1379 | D:1      | Reached XP level 3. HP: 17/17 MP: 2/9
  1392 | D:1      | Learned a level 3 spell: Mephitic Cloud
  1557 | D:1      | Reached skill level 1 in Poison Magic
  1616 | D:1      | Reached skill level 1 in Air Magic
  2027 | D:2      | Noticed Ijyb
  2270 | D:2      | Reached XP level 4. HP: 22/22 MP: 11/11
  2733 | D:3      | Reached skill level 4 in Stealth
  3040 | D:2      | Killed Ijyb
  3040 | D:2      | Reached XP level 5. HP: 26/26 MP: 5/13
  3600 | D:3      | Learned a level 3 spell: Conjure Flame
  3705 | D:3      | Found a glowing drain. 3714
                  | sewer
                  | Entered the sewers 4173
                  | sewer
                  | Reached XP level 6. HP: 13/31 MP: 3/15
  4826 | D:3      | Reached XP level 7. HP: 35/35 MP: 10/18
  5878 | D:4      | Reached skill level 5 in Stealth
  6498 | D:5      | Entered Level 5 of the Dungeon
  6807 | D:5      | Reached skill level 1 in Fighting
  7074 | D:5      | Found a glowing golden altar of the Shining One.
  7194 | D:5      | Reached XP level 8. HP: 38/40 MP: 10/19
  7221 | D:5      | Found a white marble altar of Elyvilon.
  7549 | D:6      | Reached skill level 6 in Stealth
  7781 | D:6      | Noticed Pikel
  8030 | D:6      | Killed Pikel
  8030 | D:6      | Reached skill level 5 in Conjurations
  8375 | D:6      | Your ally freed slave died
  8782 | D:6      | Reached XP level 9. HP: 30/46 MP: 14/20
  8966 | D:6      | Reached skill level 7 in Stealth
  9080 | D:6      | Noticed Crazy Yiuf
  9088 | D:6      | Killed Crazy Yiuf
 10045 | D:7      | Learned a level 2 spell: Blink
 10092 | D:7      | Reached skill level 5 in Dodging
 10106 | D:7      | Noticed a giant frog zombie
 10109 | D:7      | Killed a giant frog zombie
 10462 | D:7      | Got a sapphire ring
 10917 | D:7      | Noticed a hill giant zombie
 10926 | D:7      | Killed a hill giant zombie
 10926 | D:7      | Reached skill level 8 in Stealth
 10926 | D:7      | Reached XP level 10. HP: 42/52 MP: 2/21
 11277 | D:7      | Found a staircase to the Ecumenical Temple.
 11286 | Temple   | Entered the Ecumenical Temple
 11883 | D:7      | Found Mnuhas' Weapon Emporium.
 12188 | D:7      | Found a staircase to the Orcish Mines.
 12203 | D:7      | Found Dacori Xoubb's Antique Armour Shoppe.
 12208 | D:7      | Reached skill level 5 in Fighting
 12248 | D:7      | Bought an embroidered robe for 16 gold pieces
 12620 | D:7      | Noticed a manticore zombie
 12635 | D:7      | Killed a manticore zombie
 13201 | D:7      | Reached skill level 9 in Stealth
 13352 | D:8      | Noticed psch's ghost (experienced DDEE)
 13605 | D:8      | Found a sand-covered staircase. 13610
                  | ossuary
                  | Entered a tomb
 14946 | D:8      | Killed psch's ghost
 14946 | D:8      | Reached skill level 5 in Spellcasting
 14946 | D:8      | Reached XP level 11. HP: 57/57 MP: 4/23
 15210 | D:8      | Reached skill level 10 in Stealth
 15595 | D:9      | Learned a level 3 spell: Regeneration
 15787 | D:9      | Noticed Joseph
 16082 | D:9      | Found Vezuases' Magical Wand Shop.
 16147 | D:9      | Paralysed by a potion of paralysis for 7 turns
 16176 | D:9      | Learned a level 2 spell: Sublimation of Blood
 16484 | D:9      | Found an ancient bone altar of Kikubaaqudgha.
 16487 | D:9      | Became a worshipper of Kikubaaqudgha
 16525 | D:10     | Entered Level 10 of the Dungeon
 16586 | D:10     | Noticed a boring beetle
 16609 | D:10     | Killed a boring beetle
 16772 | D:10     | Identified a scroll of acquirement
 16773 | D:10     | Got a graven book
 16774 | D:10     | Identified Nikola's Collected Works on Aerial Confrontation (You acquired it on level 10 of the Dungeon)
 16780 | D:10     | Learned a level 4 spell: Throw Icicle
 16969 | D:10     | Found Hiwiong's Jewellery Shop.
 16986 | D:10     | Noticed a boring beetle
 17014 | D:10     | Killed a boring beetle
 17141 | D:10     | Found a staircase to the Lair.
 17484 | D:10     | Noticed a boring beetle
 17489 | D:10     | Killed a boring beetle
 17974 | D:10     | Reached skill level 5 in Ice Magic
 18222 | Lair:1   | Entered Level 1 of the Lair of Beasts
 18573 | Lair:1   | Acquired Kikubaaqudgha's first power
 18573 | Lair:1   | Received a gift from Kikubaaqudgha
 18658 | Lair:1   | Reached skill level 1 in Necromancy
 18999 | Lair:1   | Got a steaming brass ring
 19003 | Lair:1   | Identified the ring "Ithumnal" (You found it on level 1 of the Lair of Beasts)
 19411 | Lair:2   | Reached skill level 10 in Dodging
 19411 | Lair:2   | Reached XP level 12. HP: 45/63 MP: 9/26
 20655 | Lair:2   | Acquired Kikubaaqudgha's second power
 20861 | Lair:2   | Reached skill level 10 in Conjurations
 21315 | Lair:3   | Reached skill level 1 in Shields
 21627 | Lair:3   | Learned a level 4 spell: Sticky Flame
 21820 | Lair:3   | Found a staircase to the Swamp.
 21963 | Lair:3   | Reached skill level 10 in Ice Magic
 21969 | Lair:3   | Received a gift from Kikubaaqudgha
 22709 | Lair:4   | Found a staircase to the Shoals.
 22990 | Lair:4   | Reached skill level 5 in Shields
 23228 | Lair:4   | Reached XP level 13. HP: 68/68 MP: 18/27
 23341 | Lair:4   | Acquired Kikubaaqudgha's third power
 23341 | Lair:4   | Received a gift from Kikubaaqudgha
 23892 | Lair:5   | Reached skill level 5 in Necromancy
 24350 | Lair:5   | Noticed Gastronok
 24418 | Lair:5   | Killed Gastronok
 24708 | Lair:5   | Found a frozen archway.
 24711 | IceCv    | Entered an ice cave
 25081 | Lair:5   | Reached skill level 1 in Bows
 25660 | Lair:5   | Acquired Kikubaaqudgha's fourth power
 26039 | Lair:6   | Found a labyrinth entrance.
 26042 | Lab      | Entered a Labyrinth
 26434 | Lab      | Got a brightly glowing spear
 26435 | Lab      | Identified the spear "Jyrug" {pierce, Noisy rN+} (You found it in a Labyrinth)
 26445 | Lab      | Identified a +2 rod of warding (10/10) (You found it in a Labyrinth)
 26451 | Lab      | Got a polished falchion
 26522 | Lab      | Identified the falchion "Notemoqu" {holy, rF+ rN+ MR Dex-1} (You found it in a Labyrinth)
 26793 | Lair:6   | Reached skill level 1 in Evocations
 27392 | Lair:6   | Learned a level 3 spell: Flight
 27538 | Lair:7   | Reached skill level 5 in Evocations
 27610 | Lair:7   | Noticed a trapdoor spider
 27614 | Lair:7   | Killed a trapdoor spider
 27805 | Lair:7   | Reached XP level 14. HP: 72/72 MP: 18/31
 28117 | Lair:7   | Reached skill level 10 in Spellcasting
 28491 | Lair:8   | Entered Level 8 of the Lair of Beasts
 28874 | Lair:8   | Learned a level 6 spell: Freezing Cloud
 28972 | Lair:8   | Reached skill level 10 in Evocations
 29131 | Lair:8   | Found a burning altar of Makhleb.
 29281 | Lair:8   | Reached skill level 11 in Conjurations
 29351 | Lair:8   | Found a gateway to Hell.
 29360 | Lair:8   | Got a brightly glowing helmet
 29364 | Lair:8   | Identified the -3 helmet of Trog's Anger (You found it on level 8 of the Lair of Beasts)
 29896 | Lair:8   | Found a viscous altar of Jiyva.
 29896 | Lair:8   | Found a staircase to the Slime Pits.
 30080 | Lair:8   | Reached skill level 12 in Evocations
 30393 | Lair:8   | Reached XP level 15. HP: 77/77 MP: 17/32
 30683 | Lair:6   | Reached skill level 13 in Evocations
 31899 | D:12     | Got a pitted leather armour
 31907 | D:12     | Identified the cursed +2 leather armour of Unambiguity (You found it on level 12 of the Dungeon)
 32858 | D:12     | Reached skill level 14 in Evocations
 33384 | D:13     | Noticed Sonja
 33392 | D:13     | Killed Sonja
 33564 | D:13     | Found a flagged portal. 33569
                  | bailey
                  | Entered the bailey 33894
                  | bailey
                  | Reached skill level 5 in Traps & Doors 33894
                  | bailey
                  | Reached skill level 15 in Evocations 33894
                  | bailey
                  | Reached XP level 16. HP: 83/83 MP: 33/33
 33975 | D:14     | Entered Level 14 of the Dungeon
 34615 | D:15     | Entered Level 15 of the Dungeon
 34778 | D:15     | Gained mutation: You are resistant to electric shocks.
 34808 | D:15     | Found Ydaocs' Distillery.
 34839 | D:15     | Found Khaoprasm's Distillery.
 34847 | D:15     | Bought a potion of blood for 13 gold pieces
 34926 | D:15     | Found Ytzurgh's Armour Shoppe.
 34947 | D:15     | Reached XP level 17. HP: 87/87 MP: 34/34
 34950 | D:15     | Found Strokhlu's Antique Weapon Shoppe.
 35017 | D:15     | Found Strutaon's Distillery.
 35167 | D:15     | Identified the ring of the Mage {Int+3} (You found it on level 7 of the Dungeon)
 35171 | D:15     | Bought a potion of mutation for 42 gold pieces
 35351 | D:9      | Killed Joseph
 35516 | Orc:1    | Entered Level 1 of the Orcish Mines
 36352 | Orc:3    | Noticed a two-headed ogre
 36363 | Orc:2    | Killed a two-headed ogre
 36398 | Orc:3    | Reached XP level 16. HP: 77/83 MP: 15/34
 36399 | Orc:3    | Noticed Maurice
 36411 | Orc:3    | Killed Maurice
 36630 | Orc:4    | Entered Level 4 of the Orcish Mines
 36804 | Orc:4    | Noticed a cyclops
 36810 | Orc:4    | Killed a cyclops
 37044 | Orc:3    | Found a staircase to the Elven Halls.
 37052 | Orc:3    | Found a glowing silver altar of Zin.
 37172 | Orc:4    | Found Gojida's Magic Scroll Shoppe.
 37182 | Orc:4    | Noticed an orc high priest
 37193 | Orc:4    | Killed an orc high priest
 37196 | Orc:4    | Noticed an orc high priest
 37198 | Orc:4    | Killed an orc high priest
 37366 | Orc:4    | Found Ohouqeqa's Magic Scroll Shop.
 37404 | Orc:4    | Found Luaseov's Distillery.
 37404 | Orc:4    | Noticed an orc high priest
 37447 | Orc:4    | Killed an orc high priest
 37517 | Orc:4    | Found Babinn's Distillery.
 37559 | Orc:4    | Bought a potion of confusion for 11 gold pieces
 37722 | Orc:4    | Reached skill level 16 in Evocations
 38115 | D:15     | Reached XP level 17. HP: 87/87 MP: 25/35
 39252 | D:16     | Noticed a storm dragon
 39252 | D:16     | Noticed a stone giant
 39268 | D:16     | Killed a stone giant
 39296 | D:16     | Killed a storm dragon
 41519 | D:18     | Reached XP level 18. HP: 92/92 MP: 30/36
 42194 | D:19     | Found a staircase to the Vaults.
 42226 | Vault:1  | Entered Level 1 of the Vaults
 42700 | Vault:1  | Found Ynemoemp's Assorted Antiques.
 42709 | Vault:1  | Bought a thin leatherbound book for 435 gold pieces
 42718 | Vault:1  | Learned a level 7 spell: Orb of Destruction
 42718 | Vault:1  | Bought a scroll of blinking for 159 gold pieces
 43278 | Vault:1  | Learned a level 4 spell: Iskenderun's Mystic Blast
 43440 | Vault:2  | Reached skill level 17 in Evocations
 44403 | Vault:2  | Paralysed by a red wasp for 2 turns
 44483 | Vault:2  | Found a staircase to the Crypt.
 44483 | Vault:2  | Found a basalt altar of Yredelemnul.
 44484 | Vault:2  | Found an ancient bone altar of Kikubaaqudgha.
 44546 | Vault:2  | Reached XP level 19. HP: 99/101 MP: 17/37
 44833 | Vault:3  | Reached skill level 1 in Charms
 44918 | Vault:3  | Found Juaxew's Weapon Shoppe.
 45178 | Vault:3  | Reached skill level 15 in Ice Magic
 46262 | Vault:4  | Got a twitching pewter ring
 46263 | Vault:4  | Identified the ring "Bloheplu" (You found it on level 4 of the Vaults)
 46354 | Vault:4  | Found a staircase to the Hall of Blades.
 46424 | Vault:4  | Noticed Xtahua
 46432 | Vault:4  | Killed Xtahua
 46679 | Vault:4  | Found Tipicev's Distillery.
 47194 | Vault:5  | Reached XP level 20. HP: 67/110 MP: 11/38
 47980 | Vault:5  | Reached skill level 18 in Evocations
 48133 | Vault:6  | Found Hyahuliu's Magical Wand Shop.
 48135 | Vault:6  | Bought a wand of heal wounds (6) for 600 gold pieces
 48320 | Vault:6  | Found a glowing silver altar of Zin.
 48521 | Vault:6  | Noticed a deep elf conjurer
 48525 | Vault:6  | Killed a deep elf conjurer
 48579 | Vault:6  | Noticed a deep elf conjurer
 48581 | Vault:6  | Killed a deep elf conjurer
 49226 | Vault:7  | Found Stiteorch's Distillery.
 49250 | Vault:7  | Bought a potion of curing for 38 gold pieces
 49250 | Vault:7  | Bought a potion of curing for 38 gold pieces
 49674 | Vault:7  | Reached XP level 21. HP: 71/116 MP: 17/39
 49747 | Vault:7  | Found a glowing golden altar of the Shining One.
 49792 | Vault:7  | Reached skill level 10 in Fighting
 50124 | Vault:7  | Reached skill level 15 in Conjurations
 50944 | D:20     | Entered Level 20 of the Dungeon
 50966 | D:20     | Learned a level 6 spell: Bolt of Cold
 52192 | D:21     | Found a one-way gate leading to the halls of Pandemonium.
 52248 | D:21     | Noticed Frederick
 52253 | D:21     | Noticed Boris
 52266 | D:21     | Killed Frederick
 52498 | D:21     | Noticed Margery
 52773 | D:21     | Killed Boris
 52915 | D:21     | Reached XP level 22. HP: 87/123 MP: 28/39
 53044 | D:21     | Noticed Wiglaf
 53052 | D:21     | Killed Wiglaf
 54024 | D:23     | Found a one-way gate to the infinite horrors of the Abyss.
 56779 | D:24     | Noticed a shining eye
 56938 | D:24     | a shining eye changed into a giant orange brain
 56986 | D:24     | Reached XP level 23. HP: 66/128 MP: 6/40
 57146 | D:25     | Entered Level 25 of the Dungeon
 58286 | D:26     | Noticed a pulsating lump
 58286 | D:26     | a sea snake changed into a pulsating lump
 58289 | D:26     | Killed a pulsating lump
 58889 | D:26     | Got a brightly glowing robe
 58896 | D:26     | Identified the cursed -1 robe of the Sun (You found it on level 26 of the Dungeon)
 58945 | D:26     | Reached skill level 19 in Ice Magic
 59405 | D:27     | Entered Level 27 of the Dungeon
 60348 | D:27     | Reached XP level 24. HP: 132/134 MP: 13/41
 61163 | Elf:1    | Entered Level 1 of the Elven Halls
 62088 | Elf:1    | Found a portal to a secret trove of treasure.
 62188 | D:7      | Bought a +1,+2 spiked flail of draining for 1663 gold pieces 62313
                  | trove
                  | Entered a treasure trove 62329
                  | trove
                  | Got a vibrating granite ring 62347
                  | trove
                  | Got a warped glass ring
 62360 | Elf:1    | Identified the ring "Scheuggo" (You found it in a treasure trove)
 62360 | Elf:1    | Identified the ring "Clicaido" (You found it in a treasure trove)
 62549 | Elf:2    | Found a shimmering altar of Xom.
 63220 | Elf:3    | Noticed Jozef
 63227 | Elf:3    | Killed Jozef
 63810 | Elf:3    | Got an engraved book
 63812 | Elf:3    | Identified the Almanac of the Earthen Traveller (You found it on level 3 of the Elven Halls)
 63814 | Elf:3    | Learned a level 1 spell: Apportation
 63894 | Elf:3    | Noticed Josephine
 63923 | Elf:3    | Killed Josephine
 64553 | Elf:5    | Entered Level 5 of the Elven Halls
 64555 | Elf:5    | Noticed Nikola
 64565 | Elf:5    | Killed Nikola
 65082 | Elf:5    | Noticed Nergalle
 65087 | Elf:5    | Killed Nergalle
 65300 | Elf:5    | Found Phautau's Assorted Antiques.
 65474 | Elf:5    | Found a bloodstained altar of Trog.
 65524 | Elf:5    | Noticed a deep elf blademaster
 65533 | Elf:5    | Killed a deep elf blademaster
 65562 | Elf:5    | Reached skill level 20 in Ice Magic
 65563 | Elf:5    | Noticed a deep elf master archer
 65571 | Elf:5    | Killed a deep elf master archer
 65844 | Elf:5    | Noticed a deep elf blademaster
 65844 | Elf:5    | Noticed a deep elf master archer
 65895 | Elf:5    | Killed a deep elf blademaster
 65895 | Elf:5    | Reached skill level 5 in Translocations
 65935 | Elf:5    | Killed a deep elf master archer
 66106 | Elf:5    | Got a sparkling silver ring
 66232 | Elf:5    | Got a vibrating cloak
 66236 | Elf:5    | Identified the +3 cloak of Flash (You found it on level 5 of the Elven Halls)
 66241 | Elf:5    | Got a smoking scimitar
 66242 | Elf:5    | Identified the scimitar of Flaming Death {flame, rPois rF++ rC- MR} (You found it on level 5 of the Elven Halls)
 66245 | Elf:5    | Got a crude granite ring
 66269 | Elf:5    | Learned a level 5 spell: Dispel Undead
 66487 | Orc:2    | Identified the ring "Etia" (You found it on level 5 of the Elven Halls)
 66488 | Orc:2    | Identified the cursed ring of Monka (You found it on level 5 of the Elven Halls)
 66710 | Shoals:1 | Entered Level 1 of the Shoals
 67109 | Shoals:1 | Reached XP level 25. HP: 136/139 MP: 26/41
 67209 | Shoals:1 | Noticed Louise
 67277 | Shoals:1 | Killed Louise
 67410 | Shoals:2 | Gained mutation: You are agile (Dex +1).
 67980 | Shoals:3 | Found Sma Blas' Book Emporium.
 67986 | Shoals:3 | Sma Blas' Book Emporium was a mimic.
 68842 | Shoals:4 | Got a faintly humming leather armour
 68850 | Shoals:4 | Identified the +0 leather armour of Sif Muna's Hope (You found it on level 4 of the Shoals)
 68980 | Shoals:4 | Got a bloodstained short sword
 68981 | Shoals:4 | Identified the short sword of the Puffin {slice, rElec MR} (You found it on level 4 of the Shoals)
 69126 | Shoals:5 | Entered Level 5 of the Shoals
 69166 | Shoals:5 | Noticed Ilsuiw
 69387 | Shoals:5 | Killed Ilsuiw
 70248 | Shoals:5 | Got a barnacled rune of Zot
 70437 | Shoals:2 | Got a fine scimitar
 70438 | Shoals:2 | Identified the scimitar "Juohergh" {drain, Stlth++} (You found it on level 2 of the Shoals)
 70511 | Swamp:1  | Entered Level 1 of the Swamp
 70518 | Swamp:1  | Noticed Harold
 70523 | Swamp:1  | Killed Harold
 70964 | Swamp:2  | Noticed Snorg
 70971 | Swamp:2  | Killed Snorg
 71427 | Swamp:4  | Noticed Saint Roka
 71441 | Swamp:4  | Killed Saint Roka
 71697 | Swamp:5  | Entered Level 5 of the Swamp
 71920 | Swamp:5  | Got a heavy robe
 71927 | Swamp:5  | Identified the cursed +0 robe of Autumn (You found it on level 5 of the Swamp)
 71948 | Swamp:5  | Noticed Frances
 71967 | Swamp:5  | Killed Frances
 72093 | Swamp:5  | Noticed Donald
 72100 | Swamp:5  | Killed Donald
 72191 | Swamp:5  | Reached skill level 21 in Ice Magic
 72257 | Swamp:5  | Reached XP level 26. HP: 135/144 MP: 30/42
 72495 | Swamp:5  | Got a decaying rune of Zot
 73060 | Crypt:1  | Entered Level 1 of the Crypt
 76916 | Crypt:3  | Found a staircase to the Tomb.
 79426 | Crypt:5  | Entered Level 5 of the Crypt
 80153 | Crypt:5  | Reached skill level 22 in Ice Magic
 81479 | Crypt:5  | Reached XP level 27. HP: 87/149 MP: 16/42
 81987 | Crypt:5  | Noticed Vidiiot's ghost (mighty SEWz)
 84876 | Crypt:5  | Killed Vidiiot's ghost
 85142 | Crypt:5  | Found an ancient bone altar of Kikubaaqudgha.
 86101 | Crypt:5  | Learned a level 9 spell: Ice Storm
 86659 | Lair:1   | Learned a level 7 spell: Controlled Blink
 87006 | Lair:1   | Learned a level 6 spell: Bolt of Fire
 87306 | Vault:8  | Entered Level 8 of the Vaults
 87306 | Vault:8  | Noticed a quicksilver dragon
 87661 | Vault:8  | Reached skill level 23 in Ice Magic
 87712 | Vault:8  | Reached skill level 10 in Translocations
 87801 | Vault:8  | Killed a quicksilver dragon
 87951 | Vault:8  | Noticed a pulsating lump
 89361 | Vault:8  | Noticed a quicksilver dragon
 89499 | Vault:8  | Noticed a deep elf high priest
 89502 | Vault:8  | Killed a deep elf high priest
 89557 | Vault:8  | Got a brightly glowing blowgun
 89558 | Vault:8  | Identified the blowgun of Ywkadeaw {speed, rC++} (You took it off a vault guard on level 8 of the Vaults)
 89656 | Vault:8  | Got a torn book
 89657 | Vault:8  | Identified Clifofu's Volume of Hurtful Cold (You found it on level 8 of the Vaults)
 89662 | Vault:8  | Got a silver rune of Zot
 89997 | Vault:8  | Noticed a deep elf sorcerer
 90024 | Vault:8  | Got an antique book
 90029 | Vault:8  | Identified the Papyrus of Summoning (You found it on level 8 of the Vaults)
 90071 | Vault:8  | Got a steaming platinum amulet
 90072 | Vault:8  | Identified the amulet of the Sky (You found it on level 8 of the Vaults)
 90079 | Vault:8  | Got a graven book
 90080 | Vault:8  | Identified the Disquisition on the Voyage (You found it on level 8 of the Vaults)
 90126 | Vault:8  | Killed a deep elf sorcerer
 90202 | Vault:8  | You are cast into the Abyss!
 90202 | Vault:8  | Cast into the Abyss (hell knight)
 90202 | Abyss    | Entered The Abyss
 90334 | Abyss    | Found a shimmering altar of Xom.
 90355 | Abyss    | Noticed a naga warrior
 90397 | Abyss    | Killed a naga warrior
 90493 | Abyss    | Noticed a wood golem
 90781 | Abyss    | Found a corrupted altar of Lugonu.
 90841 | Abyss    | Noticed a red devil
 90861 | Abyss    | Reached skill level 15 in Dodging
 90918 | Vault:8  | You pass through the gate.
 91081 | Vault:8  | Noticed a deep elf death mage
 91082 | Vault:8  | Killed a deep elf death mage
 91221 | Vault:8  | Noticed a bone dragon
 91249 | Vault:8  | Noticed a bone dragon
 91288 | Vault:8  | Killed a bone dragon
 91485 | Vault:8  | Killed a bone dragon
 92556 | Pan      | Entered Pandemonium
 92764 | Pan      | Got a crude helmet
 92768 | Pan      | Identified the +1 helmet "Khor" (You acquired it in Pandemonium)
 93075 | Pan      | Reached skill level 24 in Ice Magic
 93499 | Pan      | Got an ichor-stained robe
 93500 | Pan      | Identified the cursed -1 robe of the Sea (You took it off a red devil in Pandemonium)
 93803 | Pan      | Entered the realm of Lom Lobon.
 94778 | Pan      | Noticed Lom Lobon
 94792 | Pan      | Got a magical rune of Zot
 95063 | Pan      | Entered the realm of Cerebov.
 95605 | Pan      | Noticed Cerebov
 95622 | Pan      | Got a blackened book
 95623 | Pan      | Identified the Tome of Lucky Malediction (You found it in Pandemonium)
 95802 | Pan      | Got a fiery rune of Zot
 96516 | Pan      | Entered the realm of Mnoleg.
 97176 | Pan      | Noticed Mnoleg
 97333 | Pan      | Killed Mnoleg
 97802 | Pan      | Got a glowing rune of Zot
 97927 | Pan      | Entered the realm of Gloorx Vloq.
 98164 | Pan      | Noticed Ignacio
 98248 | Pan      | Killed Ignacio
 98665 | Pan      | Gained mutation: You are weak (Str -1).
 99057 | Pan      | Reached skill level 15 in Spellcasting
 99057 | Pan      | Reached skill level 25 in Ice Magic
 99812 | Pan      | Noticed Gloorx Vloq
 99834 | Pan      | Got a dark rune of Zot
100096 | Pan      | Reached skill level 10 in Shields
100191 | Pan      | Noticed Kunux the pandemonium lord
100200 | Pan      | Killed Kunux the pandemonium lord
100338 | Pan      | Got a twisted morningstar
100339 | Pan      | Identified the morningstar "Zasuc" {pierce, rC+} (You found it in Pandemonium)
101146 | Pan      | Noticed Twaguphu the pandemonium lord
101162 | Pan      | Killed Twaguphu the pandemonium lord
101326 | Pan      | Found a gateway to a ziggurat.
101440 | Pan      | Noticed Bromoem the pandemonium lord
101445 | Pan      | Killed Bromoem the pandemonium lord
101497 | Pan      | Got a warped granite ring
101498 | Pan      | Identified the cursed ring of Doubt (You found it in Pandemonium)
101807 | Pan      | Noticed Criuxtus the pandemonium lord
101968 | Pan      | Got a steaming robe
101969 | Pan      | Identified the +2 robe "Liarphenn" (You found it in Pandemonium)
102595 | Pan      | Noticed Khakiaph the pandemonium lord
102597 | Pan      | Killed Khakiaph the pandemonium lord
103333 | Pan      | Noticed Usadur the pandemonium lord
103345 | Pan      | Killed Usadur the pandemonium lord
103633 | Pan      | Got a pair of warped gloves
103637 | Pan      | Identified the +3 pair of gloves of the Eight Demons (You found it in Pandemonium)
103641 | Pan      | Noticed Fipoeloss the pandemonium lord
103644 | Pan      | Killed Fipoeloss the pandemonium lord
103844 | Pan      | Found a gateway to a ziggurat.
103911 | Pan      | Noticed Wetz the pandemonium lord
103931 | Pan      | Killed Wetz the pandemonium lord
104188 | Pan      | Got a demonic rune of Zot
104647 | Pan      | Noticed Phaeshre the pandemonium lord
104691 | Pan      | Killed Phaeshre the pandemonium lord
105679 | Pan      | Noticed Pelomirr the pandemonium lord
105937 | Pan      | Noticed Qyodonig the pandemonium lord
106174 | Pan      | Noticed Jeocolef the pandemonium lord
106179 | Pan      | Killed Jeocolef the pandemonium lord
106427 | Pan      | Noticed Miawir the pandemonium lord
106430 | D:21     | You pass through the gate.
106510 | Abyss    | Found a corrupted altar of Lugonu.
106714 | Abyss    | Noticed a clay golem
106778 | Abyss    | Noticed a tentacled monstrosity
107062 | Abyss    | Found a corrupted altar of Lugonu.
107412 | Abyss    | Noticed a daeva
107428 | Abyss    | Killed a daeva
107709 | Abyss    | Found a radiant altar of Vehumet.
107815 | Abyss    | Found a corrupted altar of Lugonu.
107819 | Abyss    | Found a corrupted altar of Lugonu.
107887 | Abyss    | Noticed a deep dwarf
107888 | Abyss    | Noticed a deep dwarf
107889 | Abyss    | Noticed a deep dwarf death knight
107894 | Abyss    | Killed a deep dwarf
107894 | Abyss    | Killed a deep dwarf
107894 | Abyss    | Killed a deep dwarf death knight
107894 | Abyss    | Killed a deep dwarf
107894 | Abyss    | Killed a deep dwarf
107897 | Abyss    | Noticed a deep dwarf necromancer
107898 | Abyss    | Noticed a deep dwarf
107905 | Abyss    | Killed a deep dwarf necromancer
107905 | Abyss    | Killed a deep dwarf
107990 | Abyss    | Noticed a brown ugly thing
107998 | Abyss    | Killed a brown ugly thing
108170 | Abyss    | Noticed a soul eater
108240 | Abyss    | Found a basalt altar of Yredelemnul.
108245 | Abyss    | Found a basalt altar of Yredelemnul.
108426 | Abyss    | Noticed a jelly
108431 | Abyss    | Killed a jelly
108765 | Abyss    | Found a corrupted altar of Lugonu.
108902 | Abyss    | Found a radiant altar of Vehumet.
108904 | Abyss    | Found a radiant altar of Vehumet.
109034 | Abyss    | Found a corrupted altar of Lugonu.
109046 | Abyss    | Noticed a hellephant
109050 | Abyss    | Killed a hellephant
109087 | Abyss    | Noticed a profane servitor
109089 | Abyss    | Noticed a hellephant
109102 | Abyss    | Killed a hellephant
109113 | Abyss    | Got an abyssal rune of Zot
109186 | D:23     | You pass through the gate.
109423 | Lair:1   | Learned a level 4 spell: Sticky Flame
109430 | Lair:1   | Learned a level 6 spell: Bolt of Cold
109622 | Hell     | Entered the Vestibule of Hell
109622 | Hell     | Noticed Geryon
109622 | Hell     | Noticed Gould's ghost (great DEFE)
109755 | Hell     | Killed Geryon
109973 | Hell     | Killed Gould's ghost
109973 | Hell     | Reached skill level 10 in Traps & Doors
110787 | Hell     | Found a gateway to the freezing wastes of Cocytus.
110832 | Coc:1    | Entered Level 1 of Cocytus
111297 | Coc:7    | Entered Level 7 of Cocytus
113444 | Tomb:1   | Entered Level 1 of the Tomb of the Ancients
114402 | Tomb:1   | Reached skill level 15 in Fighting
115055 | Tomb:2   | Noticed Boris
115742 | Tomb:1   | Killed Boris
117919 | Tomb:3   | Entered Level 3 of the Tomb of the Ancients
121827 | Tomb:3   | Got a golden rune of Zot
121882 | Tomb:3   | Got an ancient tin ring
121882 | Tomb:3   | Got a vibrating iron ring
121901 | Tomb:3   | Identified the ring of Orif Ukha (You found it on level 3 of the Tomb of the Ancients)
121903 | Tomb:3   | Identified the ring "Klyitese" (You found it on level 3 of the Tomb of the Ancients)
122789 | Slime:1  | Entered Level 1 of the Pits of Slime
123124 | Slime:4  | Paralysed by a giant eyeball for 2 turns
123451 | Slime:6  | Entered Level 6 of the Pits of Slime
123607 | Slime:5  | Paralysed by a giant eyeball for 2 turns
123609 | Slime:5  | Gained mutation: Armour fits poorly on your strangely shaped body.
123795 | Slime:6  | Noticed the royal jelly
123800 | Slime:6  | Killed the royal jelly
124041 | Slime:6  | Identified a +0 rod of smiting (11/11) (You found it on level 6 of the Pits of Slime)
124050 | Slime:6  | Learned a level 2 spell: Swiftness
124052 | Slime:6  | Got a tiny blowgun
124053 | Slime:6  | Identified the blowgun of the Assassin {+Inv Stlth++} (You found it on level 6 of the Pits of Slime)
124076 | Slime:6  | Got a graven book
124078 | Slime:6  | Got a slimy rune of Zot
124082 | Slime:6  | Got a graven book
124083 | Slime:6  | Identified the Catalogue of Transmutation (You found it on level 6 of the Pits of Slime)
124083 | Slime:6  | Identified the Guide on the Hurtful Frostbite (You found it on level 6 of the Pits of Slime)
124100 | Slime:6  | Got a wavering granite ring
124105 | Slime:6  | Got a shimmering cloak
124105 | Slime:6  | Got a vibrating steel ring
124109 | Slime:6  | Identified the +2 cloak "Jedak" (You found it on level 6 of the Pits of Slime)
124118 | Slime:6  | Identified a +3 rod of destruction [fire] (9/9) (You found it on level 6 of the Pits of Slime)
124120 | Slime:6  | Identified the ring of Yfutray (You found it on level 6 of the Pits of Slime)
124121 | Slime:6  | Identified the cursed ring of Xom's Ringing Laughter (You found it on level 6 of the Pits of Slime)
124202 | Slime:6  | Identified a +5 rod of destruction [lightning,fireball,iron] (11/11) (You found it on level 6 of the Pits of Slime)
124562 | Lair:1   | Learned a level 6 spell: Haste
124989 | Zot:1    | Entered Level 1 of the Realm of Zot
125255 | Zot:1    | Reached skill level 5 in Charms
126063 | Zot:5    | Entered Level 5 of the Realm of Zot
126276 | Zot:5    | Noticed an ancient lich
126278 | Zot:5    | Noticed an ancient lich
126288 | Zot:5    | Killed an ancient lich
126295 | Zot:5    | Killed an ancient lich
126295 | Zot:5    | Reached skill level 26 in Dodging
126626 | Zot:5    | Noticed an ancient lich
126653 | Zot:5    | Killed an ancient lich
127080 | Zot:5    | Noticed an orb of fire
127090 | Zot:5    | Killed an orb of fire
127225 | Zot:5    | Gained mutation: You are frail (-10% HP).
127293 | Zot:5    | Noticed an ancient lich
127314 | Zot:5    | Killed an ancient lich
127552 | Zot:5    | Noticed an orb of fire
127657 | Zot:5    | Gained mutation: Your body is slowly deteriorating.
127660 | Zot:5    | Killed an orb of fire
127676 | Zot:5    | Reached skill level 27 in Dodging
127788 | Zot:5    | Lost mutation: You are resistant to electric shocks.
127788 | Zot:5    | Lost mutation: You are frail (-10% HP).
127788 | Zot:5    | Lost mutation: You are weak (Str -1).
127788 | Zot:5    | Lost mutation: Your body is slowly deteriorating.
127834 | Zot:5    | Noticed an ancient lich
127847 | Zot:5    | Killed an ancient lich
127915 | Zot:5    | Gained mutation: You have a somewhat thin skeletal structure (Dex +2, Str -1, Stlth).
128433 | Zot:5    | Noticed an ancient lich
128649 | Zot:5    | Learned a level 5 spell: Phase Shift
128662 | Zot:5    | Got the Orb of Zot
128685 | Zot:5    | Noticed Wiow the pandemonium lord
128973 | D:27     | Noticed Shrasues the pandemonium lord
129154 | D:26     | Lost mutation: You are agile (Dex +1).
129343 | D:18     | Noticed Riuteo the pandemonium lord
129585 | D:6      | Your ally freed slave died
129598 | D:5      | Noticed Khyugo the pandemonium lord
129757 | D:$      | Escaped with the Orb!
